← All builds
Tech / Armada / Economy first / OBSERVED BUILD

Standard tech

Armada Tech (Eco) build order · Supreme Isthmus

Rushes T2 by 4:15, gets Advanced Metal Extractor around 5:28, hands off T2 constructors to Geo and the team, then scales eco and supplies the team's T2 needs through the rest of the game.

Usually first T2 con to Geo (83%)

#eco #t2 #team support · 1580 distinct matches · 252 players · 60% of Armada Tech games · team won 53% of 1886 · Recently observed

HOW TO PLAY IT

Key timing: T2 factory by 4:15

  1. Open 3 mex and heavy wind to fund a fast T2 rush.
  2. Put down Bot Lab, planning to eat it for reclaim soon after.
  3. Get Advanced Bot Lab up, hitting the T2 factory rush timing.
  4. Upgrade mex to Advanced Metal Extractor to lock in team metal income.
  5. Eat Advanced Bot Lab and keep sending cons to Geo and Pond.

Phase by phase

TYPICAL OF ITS 1580 GAMES
  1. 1
  2. 2
  3. 3
  4. 4
PLAY THE OPENING

Follow the example game's first 6:00 step by step: what to build now, what comes next, and where it goes. At 1× it keeps pace with your own game.

  1. 1

    Up to the Bot Lab

    Economy
    • Metal Extractor3Mex
    • Wind Turbine4Wind
    Order
    1. Bot LabBot Lab after 3 mex, 4 winddone ~1:18, middle half 1:13–1:32

    Some games also: energy storage (31%)

    By 1:01 in all: 3 mex · 4 wind

    The example game in this phase · 3 steps
    1. Mex ×3
    2. Wind ×3
    3. Bot LabBot Labdone 1:10 · typical 1:18
  2. 2

    Bot Lab to Advanced Bot Lab

    Economy
    • Metal Extractor1Mex
    • Wind Turbine8Wind
    • Energy Storage1Energy storage
    Order
    1. Advanced Bot LabAdvanced Bot Lab after 4 mex, 12 wind, 3 con turretdone ~4:16, middle half 4:04–4:30
    Builders
    • Construction Turret3 Con turret
    • Lazarus3 Lazarus
    • Construction Bot2 Con bot
    • Construction Bot1 Con bot for allies

    Some games also: converter (36%)

    By 3:18 in all: 4 mex · 12 wind · 1 energy storage · 3 con turret

    The example game in this phase · 17 steps
    1. LazarusLazarus
    2. Wind ×3
    3. Construction BotCon bot
    4. Wind
    5. Construction BotCon botfor Air
    6. LazarusLazarus ×2
    7. Mex
    8. Construction BotCon bot
    9. TickTick
    10. LazarusLazarus ×2
    11. Construction BotCon bot
    12. Energy storage
    13. Converter
    14. Con turret
    15. Converter
    16. Con turret
    17. Advanced Bot LabAdvanced Bot Labdone 4:28 · typical 4:16
  3. 3

    Advanced Bot Lab to 5:00

    Economy
    • Wind Turbine3Wind
    Order
    1. Bot LabEat Bot Lab
    Builders
    • Advanced Construction Bot1 T2 con bot for allies

    Some games also: converter (35%)

    By 5:00 in all: 4 mex · 15 wind · 1 converter · 1 energy storage · 3 con turret

    The example game in this phase · 4 steps
    1. Bot LabEat Bot Labreclaimed for its metal
    2. Advanced Construction BotT2 con botfor Suicide front
    3. Advanced Metal ExtractorT2 mexdone 5:17 · typical 5:28
    4. Wind
  4. 4

    5:00 to 10:00

    Economy
    • Wind Turbine43Wind
    • Energy Converter6Converter
    Builders
    • Butler9 Butler
    • Advanced Construction Bot4 T2 con bot for allies
    • Advanced Construction Bot1 T2 con bot

    Some games also: con turret (43%) · Butler for allies (37%)

    By 10:00 in all: 4 mex · 58 wind · 8 converter · 1 energy storage · 3 con turret

    The example game in this phase · 224 steps
    1. Wind ×2
    2. Advanced Construction BotT2 con botfor Air
    3. Wind ×3
    4. Advanced Metal ExtractorT2 mex ×2
    5. Advanced Construction BotT2 con botfor Pond
    6. Wind ×5
    7. Advanced Construction BotT2 con botfor Geo sea
    8. Wind
    9. ButlerButler
    10. Wind ×2
    11. ButlerButler
    12. Wind
    13. ButlerButler
    14. Wind
    15. Advanced Metal ExtractorT2 mex
    16. Advanced Construction BotT2 con botfor Beach sea
    17. Con turret
    18. ButlerButler ×3
    19. Advanced Construction BotT2 con botfor Front
    20. Wind
    21. ButlerButler
    22. Wind ×2
    23. ButlerButler
    24. Wind ×3
    25. ButlerButler
    26. Wind ×8
    27. Converter
    28. Wind ×4
    29. Converter
    30. Wind ×2
    31. ButlerButler
    32. Converter
    33. Wind
    34. Converter
    35. Wind
    36. ButlerButler
    37. Converter
    38. Wind ×2
    39. Converter
    40. ButlerButler
    41. Wind
    42. Converter
    43. Wind ×2
    44. Converter
    45. Wind ×3
    46. Converter
    47. Wind ×2
    48. Converter
    49. Wind ×3
    50. Converter
    51. Wind
    52. ButlerButler
    53. Wind
    54. Converter
    55. Wind ×3
    56. Converter
    57. ButlerButler
    58. Wind
    59. Converter
    60. Wind ×2
    61. ButlerButler
    62. Converter
    63. Wind
    64. SprinterSprinter
    65. Wind ×2
    66. Con turret
    67. Converter
    68. Wind ×2
    69. SprinterSprinter
    70. Converter
    71. Wind
    72. Advanced Construction BotT2 con botfor Geo sea
    73. Wind ×2
    74. Converter
    75. Wind ×2
    76. Con turret
    77. Converter
    78. Wind ×4
    79. Converter
    80. Wind ×5
    81. Converter
    82. Wind ×3
    83. ButlerButler
    84. Wind ×3
    85. ButlerButler
    86. Wind ×3
    87. Converter
    88. ButlerButler
    89. Wind ×6
    90. Converter
    91. ButlerButler
    92. Wind ×3
    93. ButlerButler
    94. Wind ×3
    95. Con turret
    96. ButlerButler
    97. Wind ×2
    98. Converter
    99. Wind
    100. ButlerButler
    101. Wind ×4
    102. ButlerButler
    103. Con turret
    104. Wind ×3
    105. Converter
    106. ButlerButler
    107. Wind
    108. ArchangelArchangelnot finished by 15:00
    109. Wind ×6
    110. Con turret
    111. Wind ×2
    112. Converter
    113. Wind ×2
    114. ButlerButler
    115. Wind ×3
    116. ButlerButler
    117. Wind ×2
    118. Con turret
    119. Wind ×2
    120. Converter
    121. Wind ×5
    122. ButlerButler
    123. Wind ×7
    124. Converter
    125. Wind ×11
    126. Converter
    127. Wind ×6
    128. Metal storage
    129. Wind ×4
    130. Converter
    131. Wind ×10
    132. Converter
    133. Wind ×12
    134. Converter
    135. Wind ×14
    136. Converter
    137. Wind ×14
    138. Converter
    139. Wind ×3
    140. Advanced Construction BotT2 con bot
    141. Wind ×13
    142. Converter
    143. Wind ×14
    144. Converter
    145. Wind
    146. CitadelAnti-nukedone 14:00
    147. Wind ×15
    148. Converter
    149. Wind ×2
    150. Converter
    151. Wind
    152. Advanced Bot LabEat Advanced Bot Labreclaimed for its metal
    153. Wind ×6
    154. Converter ×2
    155. Wind ×5
    156. Converter
    157. Wind
    158. Converter
    159. Wind ×4
    160. Converter
    161. Wind ×11
    162. Converter ×2
    163. Wind ×2
    164. Converter
    165. Wind ×6
    166. Converter
    167. Wind ×3
    168. Converter
    169. Wind ×4
    170. Converter ×2
    171. Wind ×13
    172. Converter
    173. Wind ×5
    174. Aircraft PlantAircraft Plantdone 14:03
    175. Wind ×2
    176. Converter ×2
    177. Wind ×5
    178. FalconFighter
    179. Wind ×4
    180. FalconFighter
    181. Wind
    182. Converter
    183. Wind
    184. FalconFighter
    185. Wind
    186. Converter
    187. Wind ×4
    188. FalconFighter
    189. Converter
    190. Wind
    191. FalconFighter
    192. Wind ×5
    193. FalconFighter
    194. Wind ×5
    195. Converter
    196. FalconFighter
    197. Converter
    198. ChainsawChainsaw
    199. Wind ×2
    200. FalconFighter
    201. Wind ×5
    202. Converter
    203. Wind ×4
    204. FalconFighter
    205. Wind
    206. Converter
    207. Wind ×5
    208. FalconFighter
    209. Converter
    210. FalconFighter
    211. Wind ×5
    212. FalconFighter
    213. Converter
    214. Wind
    215. Converter
    216. Wind ×2
    217. Converter
    218. Wind
    219. FalconFighter ×2
    220. Wind ×11
    221. FalconFighter
    222. Converter
    223. Wind ×3
    224. FalconFighter

Counts are medians over the build's games: half of them build more, half fewer. The example game is BubaOfRohan's (32 OS, 10/09/2026); pick another.

Team trades

IN AT LEAST 30% OF ITS GAMES

You hand over

  • Construction Bot1 Con bot to Airfirst at 2:23 · in 84% of games
  • Advanced Construction Bot5 T2 con bot to Air or Pond or Geo seafirst at 4:50 · in 99% of games
  • Butler2 Butler to Geo sea or Beach sea or Pondfirst at 9:06 · in 43% of games

You get

  • Hercules1 Light transport from Airfirst at 4:01 · in 86% of games

How it plays out

Typical game of this build, running totals by minute

Metal produced

020k40k
0:005:0010:0015:00

metal

Enemy metal destroyed

050100150
0:005:0010:0015:00

metal

Own metal lost

050100150
0:005:0010:0015:00

metal

1886 games.

Show as table
ByMetal produced: This buildEnemy metal destroyed: This buildOwn metal lost: This build
1:0038300
2:0091500
3:00165200
4:00314400
5:00484800
6:00580200
7:00723200
8:00906400
9:001117700
10:001351300
11:001624200
12:001965600
13:002342600
14:0027286074
15:0031503110130
WHAT THE NUMBERS SAY

Standard Tech play barely fights at all early, instead pouring metal into T2 infrastructure and constructors for the team.

  • + Metal produced hits 31679 by 15:00, by far the highest of any role here.
  • + T2 factory reached in 97% of games by 4:15, fastest and most reliable T2 timing.
  • − Enemy metal destroyed stays at 0 through 10:00, no early offense at all.
  • − Own metal lost also near 0, showing total avoidance of combat risk.
THE EXAMPLE YOU ARE READING

BubaOfRohan

31.5 OS · 10/09/2026

Open source match ↗

1 received units
1547 metal received · 56089 energy received

Allied construction assistance is unknown. Timings are observations, not a promise of solo reproducibility.

Typical milestones

Bot Lab1:18Middle 50%: 1:13–1:32 · n=1886
Advanced Bot Lab4:16Middle 50%: 4:04–4:30 · n=1879
Advanced Metal Extractor5:28Middle 50%: 5:05–5:59 · n=1882

Played most by

Amrissa96games of this buildTheGeneraI70games of this buildAdeus57games of this buildEl_Turco54games of this buildKOT_44games of this build